Match 43720698
Unlisted

Match 43720698
End
Construct Barracks
Selects Armored Battlegroup
Selects Veteran Crews
1⁄4-ton 4x4 Truck
Riflemen Squad
Riflemen Squad
Engineer Squad
Riflemen Squad
Mechanized Support Center
Construct Motor Pool
Selects Fast Deploy
Selects M31 Recovery Vehicle
M24 Chaffee Light Tank
Salvage Crew
Selects War Machine
1⁄4-ton 4x4 Truck
M1 Mortar Team
Construct Tank Depot
Designate Forward Repair Station
M4A1 Sherman Medium Tank
Selects Seek and Destroy
Selects UNKNOWN (2160077)
M1918 Browning Automatic Rifles
Rapid Repairs
M4A3E8 Sherman Easy Eight
M3 75 mm Gun Motor Carriage
Grenade Package
M4A3E8 Sherman Easy Eight
M3 75 mm Gun Motor Carriage
-AL- Nimahfrosch
NickTamAir [Goat Company]
aSIISpanky
aSIIDemolitionHammer
0
0

Comments sign in to comment!

No comments posted yet!